 Dungeon Crawl Stone Soup version 0.27-a0-1308-gc08437e49b (webtiles) character file.

Game seed: 4871738408444197134

2212 Demosthentine the Spear-Bearer (level 9, -17/72 HPs)
             Began as a Merfolk Gladiator on June 19, 2021.
             Was an Initiate of the Shining One.
             Demolished by a skeletal warrior (22 damage)
             ... on level 6 of the Dungeon.
             The game lasted 00:06:37 (8067 turns).

Demosthentine the Spear-Bearer (Merfolk Gladiator)  Turns: 8067, Time: 00:06:38

Health: -17/72     AC:  5    Str: 16    XL:     9   Next: 35%
Magic:  9/9        EV: 16    Int:  8    God:    the Shining One [......]
Gold:   222        SH:  0    Dex: 16    Spells: 8/8 levels left

rFire    . . .     SeeInvis .   a - +0 trident
rCold    . . .     Faith    .   (no shield)
rNeg     + . .     Spirit   .   b - +0 leather armour
rPois    .         Reflect  .   c - +1 helmet
rElec    .         Harm     .   (no cloak)
rCorr    +         Rampage  .   (no gloves)
Will     .....                  (no boots)
Stlth    +.........             (no amulet)
HPRegen  0.22/turn              m - ring of positive energy
MPRegen  0.11/turn              u - ring of resist corrosion

@: attractive, hasted, glowing, very quick
A: (nimble swimmer 2), mertail
a: Renounce Religion


You were on level 6 of the Dungeon.
You worshipped the Shining One.
The Shining One was noncommittal.
You visited 1 branch of the dungeon, and saw 6 of its levels.

You collected 306 gold pieces.
You spent 84 gold pieces at shops.

Inventory:

Hand Weapons
 a - a +0 trident (weapon)
Armour
 b - a +0 leather armour (worn)
 c - a +1 helmet (worn)
Jewellery
 f - a ring of flight
 m - a ring of positive energy (left hand)
 u - a ring of resist corrosion (right hand)
Wands
 g - a wand of flame (13)
 l - a wand of iceblast (3)
 q - a wand of paralysis (11)
Scrolls
 e - a scroll of enchant armour
 j - 2 scrolls of teleportation
 o - 2 scrolls of magic mapping
Potions
 h - 3 potions of brilliance
 n - 2 potions of cancellation
 p - a potion of invisibility
 r - a potion of attraction


   Skills:
 + Level 7.0 Fighting
 + Level 9.7 Polearms
 - Level 2.0 Throwing
 + Level 4.4 Armour
 + Level 8.9 Dodging


You had 8 spell levels left.
You didn't know any spells.
Your spell library contained the following spells:

 Spells                   Type           Power      Damage    Failure   Level
 Foxfire                  Conj/Fire      0%         2x1d4     45%         1
 Conjure Flame            Conj/Fire      0%         6-21      83%         3
 Inner Flame              Hex/Fire       0%         N/A       83%         3
 Sticky Flame             Conj/Fire      0%         2d3       99%         4
 Fireball                 Conj/Fire      0%         3d3       100%        5


Dungeon Overview and Level Annotations

Branches:
Dungeon (6/15)             Temple (0/1) D:6

Altars:
Kikubaaqudgha
Okawaru
Uskayaw
Vehumet
The Shining One

Shops:
D:1 (   D:2 ?


Innate Abilities, Weirdness & Mutations

((You are quick and stealthy near water. (Stealth+, EV+, Speed+++)))
Your lower body shifts to a powerful aquatic tail in water.


Message History

You hit the skeletal warrior.
The skeletal warrior is heavily damaged.
The skeletal warrior hits you but does no damage.
You barely miss the skeletal warrior.
The skeletal warrior is heavily damaged.
The skeletal warrior misses you.
You hit the skeletal warrior but do no damage.
The skeletal warrior is heavily damaged.
The skeletal warrior closely misses you.
You barely miss the skeletal warrior.
The skeletal warrior is moderately damaged.
The skeletal warrior hits you with a +0 war axe!!
The Shining One protects you from harm!
You barely miss the skeletal warrior.
The skeletal warrior is moderately damaged.
You feel better.
The skeletal warrior hits you with a +0 war axe.
* * * LOW HITPOINT WARNING * * *
You feel yourself speed up.
The skeletal warrior completely misses you.
The skeletal warrior is pulled toward you!
There is an open door here.
The skeletal warrior is pulled toward you!
Press: ? - help, v - describe, . - travel
Here: a skeletal warrior, wielding a +0 war axe (moderately damaged)
The floor, spattered with blood.
Unknown command.
Unknown command.
You closely miss the skeletal warrior.
The skeletal warrior is moderately damaged.
You hit the skeletal warrior but do no damage.
The skeletal warrior is moderately damaged.
The skeletal warrior hits you with a +0 war axe!
* * * LOW HITPOINT WARNING * * *
You hit the skeletal warrior.
The skeletal warrior is heavily damaged.
You hit the skeletal warrior.
The skeletal warrior is heavily damaged.
The skeletal warrior hits you with a +0 war axe!!
You die...

........#......'....#............
........#......#....#............
.########......######............
##...............................
.....................##########'#
.....................#..#........
.....................#..#........
.....................#..##...##..
#######....####z@<...#..#######..
... #....#.)'......#..#........
... #....#..#......'..#........
#######....#..#......#..#........
...........#..#......#..#######..
...........#..#......#..##...##..
...........#..#......#..##....#..
...........##'#......#........#..
......#######†###....#........#..


You could see a skeletal warrior.

Vanquished Creatures
  A yak (D:6)
  A water moccasin (D:6)
  Duvessa (D:5)
  An ice beast (D:3)
  3 black bears
  An ogre (D:5)
  3 necrophages
  A phantom (D:5)
  A bullfrog (D:6)
  A water moccasin zombie (D:5)
  4 scorpions
  Dowan (D:5)
  A water moccasin skeleton (D:5)
  A centaur zombie (D:4)
  4 hounds
  A jelly (D:5)
  A centaur skeleton (D:4)
  A gnoll shaman (D:6)
  An orc priest (D:3)
  A bullfrog skeleton (D:5)
  2 iguanas (D:5)
  A hound zombie (D:5)
  A hound skeleton (D:4)
  11 gnolls
  7 adders
  A white imp (D:3)
  An ufetubus (D:6)
  2 worms (D:3)
  A dart slug (D:4)
  7 orcs
  3 ball pythons
  5 endoplasms
  2 giant cockroaches
  7 goblins
  6 hobgoblins
  2 jackals (D:4)
  10 kobolds
  A quokka (D:4)
  4 bats
  5 frilled lizards
  3 rats
112 creatures vanquished.

Notes
Turn   | Place    | Note
-------+----------+-------------------------------------------
     0 | D:1      | Demosthentine the Merfolk Gladiator began the quest for the
                  | Orb.
     0 | D:1      | Reached XP level 1. HP: 16/16 MP: 1/1
    71 | D:1      | Found Niwihol's Antique Weapon Shoppe.
   243 | D:1      | Found a faded altar of an unknown god.
   294 | D:1      | Reached XP level 2. HP: 23/23 MP: 2/2
  1226 | D:2      | Reached XP level 3. HP: 13/28 MP: 3/3
  1443 | D:2      | Found a hide-covered altar of Uskayaw.
  1765 | D:2      | Reached skill level 5 in Polearms
  1773 | D:2      | Reached skill level 1 in Armour
  1777 | D:2      | Reached XP level 4. HP: 17/35 MP: 4/4
  1998 | D:2      | Found Duso's Magic Scroll Boutique.
  2007 | D:2      | Bought a scroll of identify for 24 gold pieces
  2007 | D:2      | Bought a scroll of teleportation for 36 gold pieces
  2007 | D:2      | Bought a scroll of identify for 24 gold pieces
  2584 | D:3      | Noticed an ice beast
  2603 | D:3      | Killed an ice beast
  2604 | D:3      | Reached skill level 5 in Dodging
  2604 | D:3      | Reached XP level 5. HP: 8/41 MP: 5/5
  3111 | D:3      | Reached skill level 6 in Polearms
  3111 | D:3      | Reached XP level 6. HP: 48/48 MP: 6/6
  3305 | D:3      | Found an ancient bone altar of Kikubaaqudgha.
  3420 | D:4      | Noticed a necrophage
  3457 | D:4      | Killed a necrophage
  3824 | D:4      | Reached XP level 7. HP: 50/55 MP: 7/7
  4003 | D:4      | Reached skill level 7 in Polearms
  4290 | D:5      | Entered Level 5 of the Dungeon
  4502 | D:5      | Reached skill level 5 in Fighting
  4620 | D:5      | Reached XP level 8. HP: 17/62 MP: 8/8
  5026 | D:5      | Noticed Dowan
  5027 | D:5      | Noticed Duvessa
  5049 | D:5      | Killed Duvessa
  5050 | D:5      | Reached skill level 8 in Polearms
  5074 | D:5      | Killed Dowan
  6837 | D:5      | Found an iron altar of Okawaru.
  6925 | D:5      | Reached skill level 9 in Polearms
  6982 | D:5      | Found a glowing golden altar of the Shining One.
  6995 | D:5      | Reached XP level 9. HP: 66/71 MP: 9/9
  6997 | D:5      | Became a worshipper of the Shining One
  7020 | D:5      | Found a radiant altar of Vehumet.
  7955 | D:6      | Found a staircase to the Ecumenical Temple.
  7969 | D:6      | Noticed a skeletal warrior
  8052 | D:6      | The Shining One protects you from harm!
  8067 | D:6      | Demolished by a skeletal warrior

Illustrated notes

Levels and vault maps discovered:
D:1:      dpeg_arrival_rooms_b, layout_basic, serial_glass, glass_columns_b,
          glass_columns_a, glass_columns_b, glass_columns_c, glass_columns_a,
          glass_columns_b, glass_columns_a, glass_columns_a, glass_columns_c,
          glass_columns_c, shapermc_ecumenical_altar_mp_highgroup, serial_shops,
          nicolae_shop_statue_plus
D:2:      layout_basic, basic_altar, serial_shops, nicolae_square_shop
D:3:      layout_basic, lemuel_tele_altar
D:4:      layout_rooms, minmay_pentomino_pile
D:5:      layout_loops_corners, kennysheep_little_box, minitemple, uniq_duvessa
D:6:      layout_gridville, minmay_temple_entry_water_ring, nrook_campfire,
          chequers_serial_rivers_small_a, minmay_manual_mail

Skill      XL: |  1  2  3  4  5  6  7  8  9 |
---------------+----------------------------+-----
Polearms       | 5 6 7 9 |  9.7
Armour         | 1 2 3 4 |  4.4
Fighting       | 3 4 5 6 7 |  7.0
Dodging        | 5 6 8 |  8.9
Throwing       | |  2.0

Action                   |  1- 3 |  4- 6 |  7- 9 || total
-------------------------+-------+-------+-------++-------
Melee: Trident           |   105 |   138 |   376 ||   619
Throw: Throwing net      |       |     3 |     3 ||     6
  Use: Scroll            |     6 |     5 |     2 ||    13
       Potion            |       |       |     7 ||     7
 Stab: Sleeping          |       |     1 |     1 ||     2
Armor: Leather armour    |    32 |    34 |    60 ||   126
Dodge: Dodged            |    51 |    53 |   227 ||   331

Table legend: (Time is in decaauts)
 A = Elapsed time spent in this place.
 B = Non-inter-level travel time spent in this place.
 C = Inter-level travel time spent in this place.
 D = Time resting spent in this place.
 E = Time spent auto-exploring this place.
 F = Levels seen in this place.
 G = Mean time per level.
                   A        B        C        D        E       F      G
               +--------+--------+--------+--------+--------+-----+--------+
         Total |   8016 |   7908 |    108 |    637 |   6218 |   6 | 1336.0 |
       Dungeon |   8016 |   7908 |    108 |    637 |   6218 |   6 | 1336.0 |
               +--------+--------+--------+--------+--------+-----+--------+

Top non-repeatable levels by time:
     D:5: 2360 daAuts
     D:2: 1368 daAuts
     D:3: 1238 daAuts
     D:1: 1088 daAuts
     D:4: 989 daAuts
     D:6: 971 daAuts
